[Event "Saturday Apr 14 Engine Tour 9 Rd Swiss 12m+1s Starts at 1600hrs ST"]
[Site "Infinity Chess"]
[Date "2018.4.14"]
[Round "6"]
[White "Susanne"]
[Black "RonWeasley"]
[Result "1/2-1/2"]
[ECO "C12"]
[WhiteElo "2500"]
[BlackElo "2499"]
[WhiteEngine "BrainFish_180411_x64_bmi2_CTG"]
[BlackEngine "BrainFish 090218_CTG"]
[EventType "Swiss"]
[WhiteTeam ""]
[BlackTeam ""]
[PlyCount "164"]
[TimeControl "720+1"]

1. e4 e6 2. d4 d5 3. Nc3 Nf6 4. Bg5 Bb4 5. e5 h6 6. Bd2 Bxc3 7. bxc3 Ne4 
8. Bc1 Nxc3 9. Qg4 g6 10. Bd3 Qe7 11. Nf3 Bd7 12. Bd2 Ne4 13. Bxe4 dxe4 
14. Qxe4 Bc6 15. Qe3 Bd5 16. O-O Nc6 17. Bc1 O-O-O 18. Nd2 Qb4 19. c3 Qa4 
20. Ne4 g5 21. f3 Bc4 22. Re1 Ne7 23. h3 Nd5 24. Qf2 Kb8 25. Be3 b6 
26. Reb1 Rhf8 27. Rb2 Qc6 28. Re1 Rg8 29. Qc2 Rdf8 30. Kh2 Rc8 31. Nd2 Rg7 
32. Kg1 Rh8 33. Nxc4 Qxc4 34. Bd2 h5 35. Qb3 Qa6 36. c4 Ne7 37. Re4 g4 
38. fxg4 hxg4 39. hxg4 Rhg8 40. g5 Rh8 41. a4 Qb7 42. Qd3 Rgh7 43. a5 Qc6 
44. c5 Qa4 45. Kf2 Nd5 46. cxb6 cxb6 47. Qb3 Qxb3 48. Rxb3 Kb7 49. Ke2 Kc6 
50. Rg4 b5 51. Rgg3 Rh4 52. Kd3 Rh1 53. Rf3 R8h7 54. Rb2 Ra1 55. Rb3 Rg1 
56. Rh3 Rg7 57. Rb2 b4 58. Kc4 Rxg2 59. Rhb3 a6 60. Bxb4 Rxb2 61. Rxb2 Rxg5 
62. Be1 Ne3+ 63. Kd3 Nd5 64. Bd2 Rg4 65. Be1 Nf4+ 66. Kc4 Nd5 67. Bd2 Rg3 
68. Rb8 Rg2 69. Kd3 Rg1 70. Rd8 Rg3+ 71. Ke4 Rh3 72. Ra8 Rh4+ 73. Kd3 Kb5 
74. Rd8 Rh3+ 75. Ke4 Rh2 76. Kd3 Kc6 77. Rc8+ Kb7 78. Rd8 Kc6 79. Kc2 Kc7 
80. Rf8 Kc6 81. Kd3 Kb5 82. Rd8 Kc6 1/2-1/2

[Event "Saturday Apr 14 Engine Tour 9 Rd Swiss 12m+1s Starts at 1600hrs ST"]
[Site "Infinity Chess"]
[Date "2018.4.14"]
[Round "5"]
[White "Thor"]
[Black "ivrdurant"]
[Result "1-0"]
[ECO "C50"]
[WhiteElo "2471"]
[BlackElo "2363"]
[WhiteEngine "asmFishW_2018-04-08_bmi2"]
[BlackEngine "Raubfisch ME262_GTZ16d4"]
[EventType "Swiss"]
[WhiteTeam ""]
[BlackTeam ""]
[PlyCount "247"]
[TimeControl "720+1"]

1. e4 e5 2. Nf3 Nc6 3. Bc4 Bc5 4. O-O Nf6 5. d3 d6 6. c3 a5 7. Re1 Ba7 
8. Nbd2 O-O 9. Nf1 Be6 10. Bb5 Ne7 11. d4 exd4 12. Nxd4 Ng6 13. Ba4 h6 
14. Be3 Bc8 15. Bc2 Re8 16. Ng3 Ng4 17. Bc1 Qh4 18. h3 N4e5 19. Re3 Nf4 
20. Ngf5 Bxf5 21. Nxf5 Qh5 22. Qxh5 Nxh5 23. Re2 Ng6 24. Kf1 Nhf4 25. Re1 Bb6 
26. a4 Ne6 27. Bd2 h5 28. Rad1 Ngf4 29. Bc1 Rad8 30. Ne3 c6 31. b3 Bc7 
32. g3 Ng6 33. Nf5 Ne7 34. Ba3 Nc8 35. Kg2 g6 36. Nd4 Kg7 37. Bb2 Nb6 38. f4 Nd7 
39. Kf3 f6 40. Kg2 h4 41. Nxe6+ Rxe6 42. gxh4 Rh8 43. Kg3 Rhe8 44. Kf3 Rh8 
45. Kg4 Rhe8 46. c4 Kf7 47. Bc3 Rh8 48. b4 axb4 49. Bxb4 b6 50. Bc3 Nc5 
51. Bd4 Ree8 52. Kg3 Na6 53. Bf2 Nb4 54. Bb1 Rh6 55. e5 dxe5 56. Rd7+ Re7 
57. Rxe7+ Kxe7 58. c5 b5 59. axb5 cxb5 60. f5 gxf5 61. Bxf5 Rh8 62. Ra1 Nc6 
63. Kf3 Rd8 64. Kg2 Bb8 65. h5 Nd4 66. Bg6 Rg8 67. Kf1 b4 68. Ra6 b3 69. Bh4 Rf8 
70. h6 Nf3 71. Bf2 f5 72. Rb6 Bc7 73. Rb7 Kd7 74. Ke2 Kc6 75. Rxb3 Nd4+ 
76. Bxd4 exd4 77. h7 f4 78. Ra3 Kxc5 79. Kf3 Be5 80. Ra6 Rd8 81. Be4 Rh8 
82. Rc6+ Kb5 83. Re6 Bb8 84. Bg6 Kc5 85. Ke4 Bd6 86. Rf6 d3 87. Rf5+ Kb6 
88. Kxd3 f3 89. Ke4 Bf8 90. Rxf3 Bg7 91. Rf7 Bb2 92. Kf4 Ba1 93. Kg5 Kc5 
94. Bf5 Kd6 95. Kg6 Ra8 96. Rg7 Rf8 97. Rd7+ Kc5 98. Rf7 Rd8 99. Rc7+ Kb6 
100. Rc8 Rd6+ 101. Kh5 Rd2 102. h8=Q Bxh8 103. Rxh8 Rg2 104. Rc8 Rg3 
105. Bg4 Ra3 106. Kg5 Ra5+ 107. Bf5 Ra1 108. h4 Rg1+ 109. Kf6 Rh1 110. Rh8 Rd1 
111. h5 Rc1 112. h6 Rc6+ 113. Kg5 Rc7 114. h7 Rxh7 115. Bxh7 Kc5 116. Be4 Kb4 
117. Kf4 Kb3 118. Ke3 Kc4 119. Rc8+ Kb3 120. Kd4 Kb2 121. Rb8+ Ka3 122. Bc2 Ka2 
123. Kc3 Ka1 124. Ra8# 1-0

[Event "Saturday Apr 14 Engine Tour 9 Rd Swiss 12m+1s Starts at 1600hrs ST"]
[Site "Infinity Chess"]
[Date "2018.4.14"]
[Round "5"]
[White "Thinker"]
[Black "Dovahkiin"]
[Result "1/2-1/2"]
[ECO "C50"]
[WhiteElo "2434"]
[BlackElo "2406"]
[WhiteEngine "BrainFish_180408_x64_modern_CTG"]
[BlackEngine "Raubfisch ME262_GTZ16f_CTG"]
[EventType "Swiss"]
[WhiteTeam ""]
[BlackTeam ""]
[PlyCount "149"]
[TimeControl "720+1"]

1. e4 e5 2. Nf3 Nc6 3. Bc4 Bc5 4. O-O Nf6 5. d3 d6 6. c3 a5 7. Re1 O-O 8. h3 h6 
9. Nbd2 Be6 10. b3 Bb6 11. a4 d5 12. Bb5 Ne7 13. exd5 Nfxd5 14. Qc2 c6 
15. Bc4 Ng6 16. d4 Ndf4 17. dxe5 Nh4 18. Bf1 Bd5 19. Re4 Nfg6 20. Bc4 Bxe4 
21. Qxe4 Nxf3+ 22. Nxf3 Qd1+ 23. Kh2 Kh8 24. Bb2 f5 25. Qxc6 bxc6 26. Rxd1 Rfd8 
27. Re1 Bxf2 28. Rf1 Bc5 29. Bc1 Ne7 30. g3 Nd5 31. Nd4 Bxd4 32. cxd4 Rab8 
33. Bd2 Ne7 34. Bxa5 Rxd4 35. e6 Kh7 36. Bc3 Re4 37. Bd2 h5 38. Bf4 Re8 
39. Bd6 Kg6 40. Rf2 h4 41. a5 hxg3+ 42. Kxg3 Kf6 43. Bc5 Ng6 44. Bd3 f4+ 
45. Kg2 R4xe6 46. a6 Ra8 47. Kf1 Rd8 48. a7 Ree8 49. Re2 Ne5 50. Be4 Rd1+ 
51. Kg2 Ra8 52. Bf2 Rd7 53. Ra2 Ke6 54. b4 Rb7 55. Bc5 Rb5 56. h4 Kd7 
57. Bf3 Ke6 58. Ra6 Kd7 59. Ra1 Ke6 60. Ra6 Kd7 61. Ra2 Ke6 62. Be4 Kd7 
63. Kh2 g6 64. Bg2 Ke6 65. Ra6 Kd7 66. Bf1 Rxc5 67. bxc5 Kc7 68. Ra4 Nd7 
69. Rxf4 Rxa7 70. Rf7 Kd8 71. Bg2 Ra4 72. Bxc6 Rxh4+ 73. Kg3 Rd4 74. Bxd7 Rxd7 
75. Rf8+ 1/2-1/2

[Event "Saturday Apr 14 Engine Tour 9 Rd Swiss 12m+1s Starts at 1600hrs ST"]
[Site "Infinity Chess"]
[Date "2018.4.14"]
[Round "5"]
[White "star99"]
[Black "Time_bandit"]
[Result "1/2-1/2"]
[ECO "C24"]
[WhiteElo "2398"]
[BlackElo "2455"]
[WhiteEngine "Cryptic Heroes 9.4B"]
[BlackEngine "asmFishW_2018-02-02_popcnt"]
[EventType "Swiss"]
[WhiteTeam ""]
[BlackTeam ""]
[PlyCount "128"]
[TimeControl "720+1"]

1. e4 e5 2. Bc4 Nf6 3. d3 c6 4. Bb3 d5 5. Nf3 a5 6. a4 Bb4+ 7. c3 Bd6 
8. exd5 cxd5 9. Bg5 Be6 10. Na3 Nbd7 11. O-O O-O 12. Bh4 Bb8 13. Re1 Re8 
14. Nb5 Ra6 15. Nd2 h6 16. d4 e4 17. c4 dxc4 18. Bxc4 Bxc4 19. Nxc4 Nb6 
20. Bxf6 Qxf6 21. Ne3 Qg6 22. Qc2 Bf4 23. Nc3 f5 24. g3 Rd8 25. Qb3+ Kh7 
26. Qb5 Rf8 27. Rf1 Bg5 28. f4 exf3 29. Rxf3 Bxe3+ 30. Rxe3 f4 31. Rf3 Rf5 
32. Qf1 Nd5 33. Nxd5 Rxd5 34. Rxf4 Rb6 35. Qg2 Rdd6 36. Re1 Rb4 37. Rd1 Rdb6 
38. Rf2 Rxa4 39. Qf3 Rab4 40. d5 a4 41. Qc3 Re4 42. Qc8 Re5 43. Qc4 Rd6 
44. Rd4 Qb1+ 45. Rf1 Qxb2 46. Qd3+ Kg8 47. Rxa4 Qb6+ 48. Kh1 Qd8 49. Qb3 Rdxd5 
50. Qxb7 Rd1 51. Qb3+ Qd5+ 52. Qxd5+ Rexd5 53. Ra8+ Kh7 54. Rxd1 Rxd1+ 
55. Kg2 Rd2+ 56. Kg1 Rd1+ 57. Kf2 h5 58. Ke3 Re1+ 59. Kf4 Rb1 60. Kg5 Rb2 
61. Kxh5 Rxh2+ 62. Kg4 g6 63. Kg5 Rh5+ 64. Kg4 Kg7 1/2-1/2

[Event "Saturday Apr 14 Engine Tour 9 Rd Swiss 12m+1s Starts at 1600hrs ST"]
[Site "Infinity Chess"]
[Date "2018.4.14"]
[Round "5"]
[White "Murx"]
[Black "localhero"]
[Result "1/2-1/2"]
[ECO "C55"]
[WhiteElo "2467"]
[BlackElo "2436"]
[WhiteEngine "asmFishW_2018-04-07_popcnt"]
[BlackEngine "asmFishW_2017-10-04_popcnt"]
[EventType "Swiss"]
[WhiteTeam ""]
[BlackTeam ""]
[PlyCount "108"]
[TimeControl "720+1"]

1. e4 e5 2. Nf3 Nc6 3. Bc4 Nf6 4. d3 Bc5 5. O-O d6 6. c3 a5 7. Bg5 Ba7 
8. Nbd2 h6 9. Bh4 Qe7 10. Bb5 g5 11. Bg3 O-O 12. Nc4 Nh5 13. Bxc6 bxc6 
14. Nxa5 Nxg3 15. hxg3 Bd7 16. Qd2 f6 17. Nc4 h5 18. Ne3 Qh7 19. a4 h4 
20. g4 Bxe3 21. Qxe3 Bxg4 22. a5 Kf7 23. d4 Ke8 24. Nd2 Be6 25. f3 Qh5 
26. b4 Rg8 27. c4 g4 28. d5 Bc8 29. fxg4 Qxg4 30. Rf2 cxd5 31. cxd5 h3 
32. g3 Qxg3+ 33. Qxg3 Rxg3+ 34. Kh2 Rg4 35. Ra3 Ba6 36. Rxh3 Kf7 37. Nf3 f5 
38. Nh4 f4 39. Nf5 Kf6 40. Rc2 f3 41. Ng3 Kg5 42. Rxc7 Kf4 43. Rf7+ Ke3 
44. Nf5+ Kxe4 45. b5 Rg2+ 46. Kh1 Rag8 47. Nxd6+ Kxd5 48. Rhxf3 Kxd6 
49. bxa6 R2g7 50. Rxg7 Rxg7 51. a7 Rxa7 52. a6 Kc5 53. Re3 e4 54. Rxe4 Rxa6 
1/2-1/2

[Event "Saturday Apr 14 Engine Tour 9 Rd Swiss 12m+1s Starts at 1600hrs ST"]
[Site "Infinity Chess"]
[Date "2018.4.14"]
[Round "5"]
[White "Marsell"]
[Black "hafaba"]
[Result "1/2-1/2"]
[ECO "C53"]
[WhiteElo "2459"]
[BlackElo "2471"]
[WhiteEngine "BrainFish_180408_x64_bmi2"]
[BlackEngine "Eman 1.70-beta18x 64-bit POPCNT_CTG"]
[EventType "Swiss"]
[WhiteTeam ""]
[BlackTeam ""]
[PlyCount "85"]
[TimeControl "720+1"]

1. e4 e5 2. Nf3 Nc6 3. Bc4 Bc5 4. c3 Nf6 5. d3 d6 6. O-O a5 7. Bg5 Ba7 
8. Nbd2 h6 9. Bh4 g5 10. Bg3 Nd7 11. d4 h5 12. h4 f6 13. dxe5 Ndxe5 14. Bb5 Bd7 
15. hxg5 h4 16. Bxe5 fxe5 17. Rb1 Qe7 18. Kh1 O-O 19. b4 axb4 20. cxb4 Rf4 
21. Qa4 Qe8 22. Qc2 Qh5 23. Be2 Bg4 24. b5 Nd4 25. Nxd4 Bxd4 26. Bxg4 Qxg4 
27. Qxc7 h3 28. g3 Qxg5 29. Qxd6 Rf6 30. Qe7 Raf8 31. Nf3 Qg4 32. Nxd4 exd4 
33. f4 Qe2 34. Rg1 Qf3+ 35. Kh2 Qe2+ 36. Kh1 d3 37. Qxb7 Qf3+ 38. Kh2 Rd8 
39. Qe7 Qe2+ 40. Kh1 Qf3+ 41. Kh2 Qf2+ 42. Kh1 Qf3+ 43. Kh2 1/2-1/2

[Event "Saturday Apr 14 Engine Tour 9 Rd Swiss 12m+1s Starts at 1600hrs ST"]
[Site "Infinity Chess"]
[Date "2018.4.14"]
[Round "5"]
[White "Seliga"]
[Black "MCDermont"]
[Result "1/2-1/2"]
[ECO "A30"]
[WhiteElo "2469"]
[BlackElo "2481"]
[WhiteEngine "SF9 ''A5x''_CTG"]
[BlackEngine "BrainFish 090218"]
[EventType "Swiss"]
[WhiteTeam ""]
[BlackTeam ""]
[PlyCount "132"]
[TimeControl "720+1"]

1. c4 c5 2. Nf3 Nc6 3. Nc3 g6 4. g3 Bg7 5. Bg2 e6 6. O-O Nge7 7. e3 O-O 
8. d4 cxd4 9. Nxd4 d5 10. cxd5 Nxd5 11. Nxd5 exd5 12. Ne2 Bg4 13. h3 Bf5 
14. Nf4 d4 15. e4 Bd7 16. b3 a5 17. a3 Re8 18. Bb2 Be6 19. Rc1 Qd6 20. Nxe6 fxe6 
21. Qd3 Rf8 22. Qb5 Rf7 23. Rcd1 e5 24. Bc1 Kh8 25. Qd5 Qf8 26. h4 Rc7 
27. f4 Rd8 28. Qc4 Qe7 29. f5 gxf5 30. Rxf5 Qd6 31. Qf1 Ne7 32. Rf3 Ng8 
33. a4 Qg6 34. Bg5 Rd6 35. Bh3 Bf6 36. Bf5 Qg7 37. Bxf6 Rxf6 38. Qb5 Rh6 
39. Kh1 b6 40. Rdf1 Rc2 41. Bh3 Rhc6 42. Qd5 R2c5 43. Qd8 Rc3 44. Kg2 Rxf3 
45. Rxf3 Rc2+ 46. Kf1 Rc3 47. Rxc3 dxc3 48. Ke2 c2 49. Kd2 Qxg3 50. Be6 Qf2+ 
51. Kc1 Qe3+ 52. Kxc2 Qxe4+ 53. Kd1 Qf3+ 54. Kc1 Qe3+ 55. Kb1 Qe4+ 56. Kc1 Qe1+ 
57. Kb2 Qf2+ 58. Ka3 Qc5+ 59. Ka2 Qc2+ 60. Ka1 Qc3+ 61. Kb1 Qe1+ 62. Ka2 Qf2+ 
63. Ka3 Qc5+ 64. Ka2 Qc2+ 65. Ka1 Qc1+ 66. Ka2 Qc2+ 1/2-1/2

[Event "Saturday Apr 14 Engine Tour 9 Rd Swiss 12m+1s Starts at 1600hrs ST"]
[Site "Infinity Chess"]
[Date "2018.4.14"]
[Round "5"]
[White "Gilgamesch"]
[Black "ocirema"]
[Result "1/2-1/2 "]
[ECO "C50"]
[WhiteElo "2470"]
[BlackElo "2444"]
[WhiteEngine "BrainFish_180408_x64_bmi2"]
[BlackEngine "asmFishW_2018-04-08_popcnt_CTG"]
[EventType "Swiss"]
[WhiteTeam ""]
[BlackTeam ""]
[PlyCount "216"]
[TimeControl "720+1"]

1. e4 e5 2. Nf3 Nc6 3. Bc4 Bc5 4. O-O Nf6 5. d3 d6 6. c3 a5 7. Nbd2 O-O 
8. Re1 h6 9. Nf1 a4 10. Ng3 Ra5 11. h3 b5 12. b4 axb3 13. Bxb3 Be6 14. Rb1 Bb6 
15. d4 exd4 16. cxd4 d5 17. e5 Ne4 18. Rb2 Nxg3 19. fxg3 Bf5 20. Rbe2 Ne7 
21. Bd2 Ra8 22. Bb4 Re8 23. Nh4 Be6 24. Kh2 Nc6 25. Bc3 b4 26. Bb2 Nb8 
27. Rf1 Nd7 28. Nf5 c5 29. dxc5 Nxc5 30. Nd6 Nxb3 31. Nxe8 Nc5 32. Nd6 Ne4 
33. Nxe4 dxe4 34. Rxe4 Bc5 35. Qxd8+ Rxd8 36. Rc1 Be7 37. Rd4 Ra8 38. Ra1 h5 
39. Rd3 Rxa2 40. Rxa2 Bxa2 41. Rd7 Kf8 42. Ra7 Bd5 43. e6 g5 44. exf7 Kxf7 
45. h4 gxh4 46. gxh4 Ke6 47. Kh3 Kd6 48. Kg3 Bc4 49. Rb7 Ke6 50. Kf4 Be2 
51. Be5 Bg4 52. Bg7 Bxh4 53. Rxb4 Kf7 54. Be5 Be6 55. Bc7 Be7 56. Rd4 h4 
57. Rd3 Ke8 58. Rf3 Bf6 59. Ke4 Be7 60. Ke5 Bc4 61. Bd6 Bd8 62. Rf2 Kd7 
63. Rd2 Ke8 64. Bb4 Bb5 65. Rf2 Bc4 66. Rf4 Bb5 67. Rf8+ Kd7 68. Rf7+ Kc6 
69. Be7 Bc7+ 70. Ke4 Kb6 71. Bc5+ Kc6 72. Be7 Kb6 73. Ke3 Bc6 74. Bc5+ Kxc5 
75. Rxc7 Kd6 76. Rg7 Ke5 77. Rg6 Ba8 78. Kf2 Kf4 79. Rb6 Kg5 80. Kg1 Be4 
81. Rb5+ Bf5 82. Kf2 Kg4 83. Rb4+ Kg5 84. Kf3 h3 85. g3 Bd7 86. Rc4 Be6 
87. Rc5+ Kg6 88. Rc6 Kf6 89. Ra6 Ke5 90. Kf2 Bg4 91. Ra8 Kf5 92. Rg8 Bd1 
93. Kg1 Bf3 94. Kh2 Bg2 95. Rg7 Kf6 96. Rg4 Kf5 97. Rg8 Kf6 98. g4 Kf7 
99. Rg5 Kf6 100. Rh5 Kg7 101. Kg3 Kg6 102. Kf4 Bf1 103. Rh4 Kg7 104. g5 Kg6 
105. Rh6+ Kg7 106. Ke4 Bg2+ 107. Kf5 Bb7 108. Rg6+ Kf8 1/2-1/2

[Event "Saturday Apr 14 Engine Tour 9 Rd Swiss 12m+1s Starts at 1600hrs ST"]
[Site "Infinity Chess"]
[Date "2018.4.14"]
[Round "5"]
[White "Susanne"]
[Black "THE_MACHINE"]
[Result "1/2-1/2"]
[ECO "C53"]
[WhiteElo "2497"]
[BlackElo "2561"]
[WhiteEngine "BrainFish_180411_x64_bmi2_CTG"]
[BlackEngine "BrainFish_180411_x64_bmi2"]
[EventType "Swiss"]
[WhiteTeam ""]
[BlackTeam ""]
[PlyCount "101"]
[TimeControl "720+1"]

1. e4 e5 2. Nf3 Nc6 3. Bc4 Bc5 4. c3 Nf6 5. d3 a5 6. O-O d6 7. Nbd2 O-O 
8. Re1 Be6 9. Bb5 Ne7 10. d4 Ba7 11. h3 Ng6 12. Ba4 Nh5 13. Nf1 exd4 
14. cxd4 Nhf4 15. Bc2 d5 16. e5 f6 17. Bxf4 Nxf4 18. Qd2 fxe5 19. Rxe5 Bd7 
20. Rae1 c6 21. N1h2 Bb8 22. R5e3 Bd6 23. a3 c5 24. dxc5 Bxc5 25. Bxh7+ Kxh7 
26. Qc2+ Bf5 27. Qxc5 Nd3 28. Rxd3 Bxd3 29. Qe3 Bf5 30. g4 Be4 31. Ng5+ Kg8 
32. Ne6 Qh4 33. Nxf8 Rxf8 34. Qg3 Qxg3+ 35. fxg3 Rf6 36. Re3 Rb6 37. b3 Bc2 
38. Nf3 Rxb3 39. Kf2 b5 40. Rxb3 Bxb3 41. Ke3 b4 42. axb4 axb4 43. Ne5 Ba4 
44. Kd2 b3 45. Kc3 Kf8 46. Nd3 Bb5 47. Nc5 g5 48. Kxb3 Ke7 49. Kc3 Bf1 
50. h4 Bh3 51. hxg5 1/2-1/2

[Event "Saturday Apr 14 Engine Tour 9 Rd Swiss 12m+1s Starts at 1600hrs ST"]
[Site "Infinity Chess"]
[Date "2018.4.14"]
[Round "5"]
[White "RonWeasley"]
[Black "KRAKEN"]
[Result "1/2-1/2"]
[ECO "D30"]
[WhiteElo "2498"]
[BlackElo "2523"]
[WhiteEngine "BrainFish 090218_CTG"]
[BlackEngine "Raubfisch X38b_CTG"]
[EventType "Swiss"]
[WhiteTeam ""]
[BlackTeam ""]
[PlyCount "107"]
[TimeControl "720+1"]

1. d4 d5 2. c4 e6 3. Nf3 Nf6 4. Nc3 c6 5. Bg5 h6 6. Bxf6 Qxf6 7. e3 Nd7 
8. Be2 g6 9. O-O Bg7 10. e4 dxe4 11. Nxe4 Qf4 12. Qc2 f5 13. Ned2 c5 14. g3 Qc7 
15. Nh4 Bxd4 16. Nxg6 Rg8 17. Nh4 Nf6 18. Ndf3 Rxg3+ 19. hxg3 Qxg3+ 20. Ng2 Ng4 
21. Qd2 Bxf2+ 22. Rxf2 Qxf2+ 23. Kh1 Bd7 24. Ne5 O-O-O 25. Nxg4 fxg4 26. Rd1 h5 
27. b3 g3 28. Qd3 h4 29. Bg4 Kb8 30. Rd2 Bc8 31. Rxf2 Rxd3 32. Rf8 Rd4 
33. Rg8 h3 34. Ne3 Re4 35. Nc2 Kc7 36. Bxh3 Re2 37. Na3 a6 38. Rxg3 Rxa2 
39. Nb1 Ra1 40. Rg1 b5 41. Bg2 Bd7 42. Rf1 Kb6 43. Kg1 Ka5 44. Bf3 Kb4 
45. Kf2 Kxb3 46. cxb5 Bxb5 47. Nd2+ Ka2 48. Rxa1+ Kxa1 49. Be2 Kb2 50. Ke3 c4 
51. Bxc4 Bxc4 52. Nxc4+ Kb3 53. Kd3 Kb4 54. Ne5 1/2-1/2

[Event "Saturday Apr 14 Engine Tour 9 Rd Swiss 12m+1s Starts at 1600hrs ST"]
[Site "Infinity Chess"]
[Date "2018.4.14"]
[Round "4"]
[White "star99"]
[Black "Dovahkiin"]
[Result "1-0"]
[ECO "D30"]
[WhiteElo "2380"]
[BlackElo "2424"]
[WhiteEngine "Cryptic Heroes 9.4B"]
[BlackEngine "Raubfisch ME262_GTZ16f_CTG"]
[EventType "Swiss"]
[WhiteTeam ""]
[BlackTeam ""]
[PlyCount "59"]
[TimeControl "720+1"]

1. d4 d5 2. c4 e6 3. Nf3 Nf6 4. e3 dxc4 5. Bxc4 c5 6. O-O a6 7. b3 cxd4 
8. Nxd4 Be7 9. Bb2 O-O 10. Be2 Bd7 11. Nd2 Nc6 12. N4f3 Rc8 13. Rc1 b5 
14. h3 Nd5 15. Ne4 Qb6 16. Bd3 Rfd8 17. Nfg5 Be8 18. Bxg7 f5 19. Nxe6 Nxe3 
20. fxe3 Qxe3+ 21. Nf2 Qxe6 22. Re1 Qg6 23. Bb2 Bf6 24. Re6 Bxb2 25. Rxg6+ hxg6 
26. Rc2 Bd4 27. Kf1 Rc7 28. Qe1 Kf7 29. Be2 Re7 30. Nd3 1-0

[Event "Saturday Apr 14 Engine Tour 9 Rd Swiss 12m+1s Starts at 1600hrs ST"]
[Site "Infinity Chess"]
[Date "2018.4.14"]
[Round "4"]
[White "ocirema"]
[Black "OlivierEvan"]
[Result "1-0"]
[ECO "B28"]
[WhiteElo "2429"]
[BlackElo "2400"]
[WhiteEngine "asmFishW_2018-04-08_popcnt_CTG"]
[BlackEngine "Houdini 6"]
[EventType "Swiss"]
[WhiteTeam ""]
[BlackTeam ""]
[PlyCount "108"]
[TimeControl "720+1"]

1. e4 c5 2. Nf3 a6 3. Nc3 e6 4. d4 cxd4 5. Nxd4 Bb4 6. Qg4 Nf6 7. Qxg7 Rg8 
8. Qh6 Rg6 9. Qe3 e5 10. Nde2 Nc6 11. Bd2 Ng4 12. Qf3 Bc5 13. Be3 Nxe3 
14. fxe3 d6 15. O-O-O Be6 16. Nd5 Nb4 17. Nec3 Nxd5 18. Nxd5 Bxd5 19. Rxd5 Qh4 
20. Kb1 Qg4 21. Qd1 Qxd1+ 22. Rxd1 Rg4 23. g3 Rxe4 24. Bg2 Rxe3 25. Bxb7 Ra7 
26. Bd5 Re2 27. c3 a5 28. Rc1 Rd2 29. Be4 f5 30. Bxf5 Rf2 31. Rcf1 Rd2 
32. Rd1 Rf2 33. Rdf1 Rd2 34. Rc1 Rf2 35. Be4 Raf7 36. a3 Re2 37. Rce1 Ref2 
38. h4 Ke7 39. g4 R2f4 40. Bd5 Bf2 41. Re4 Rxe4 42. Bxe4 h6 43. g5 h5 
44. Bg6 Rf4 45. Bxh5 Bxh4 46. g6 Bf6 47. Be2 Rh4 48. Rxh4 Bxh4 49. Bf3 Ke6 
50. Be4 Kf6 51. Kc2 d5 52. Bxd5 Kxg6 53. Kb3 Bd8 54. Ka4 Kf5 1-0

[Event "Saturday Apr 14 Engine Tour 9 Rd Swiss 12m+1s Starts at 1600hrs ST"]
[Site "Infinity Chess"]
[Date "2018.4.14"]
[Round "4"]
[White "Time_bandit"]
[Black "Thinker"]
[Result "1/2-1/2"]
[ECO "C77"]
[WhiteElo "2456"]
[BlackElo "2433"]
[WhiteEngine "asmFishW_2018-02-02_popcnt"]
[BlackEngine "BrainFish_180408_x64_modern_CTG"]
[EventType "Swiss"]
[WhiteTeam ""]
[BlackTeam ""]
[PlyCount "131"]
[TimeControl "720+1"]

1. e4 e5 2. Nf3 Nc6 3. Bb5 a6 4. Ba4 Nf6 5. O-O Be7 6. Re1 b5 7. Bb3 O-O 
8. c3 d5 9. exd5 Nxd5 10. Nxe5 Nxe5 11. Rxe5 c6 12. d4 Bd6 13. Re1 Qh4 
14. g3 Qh3 15. Be3 Bg4 16. Qd3 Rae8 17. Nd2 Re6 18. a4 Qh5 19. axb5 axb5 
20. Nf1 Bf5 21. Qd2 Bh3 22. Bd1 Qg6 23. Bf3 Qf5 24. Qd1 h5 25. Ra6 Bc7 
26. Bh1 Rf6 27. Qe2 h4 28. Bd2 Re6 29. Qf3 Rxe1 30. Bxe1 Bf4 31. Bg2 Bg4 
32. Qe4 Qc8 33. Ra1 Re8 34. Qc2 Bf5 35. Qb3 Bd3 36. Qd1 Qf5 37. Bd2 Bxd2 
38. Nxd2 h3 39. Bf1 Bxf1 40. Qxf1 Qc2 41. c4 Nf6 42. Nf3 bxc4 43. Rc1 Qxb2 
44. Qxc4 Ne4 45. Rc2 Qa3 46. Ne5 Nd6 47. Qc3 Qa8 48. Qc5 Nf5 49. Kf1 Qa1+ 
50. Rc1 Qxd4 51. Qxd4 Nxd4 52. f4 Ra8 53. Ng4 Kf8 54. Nf2 Nf3 55. Nxh3 Nxh2+ 
56. Ke2 Ra2+ 57. Kd3 Ra3+ 58. Ke4 Rxg3 59. Nf2 Ra3 60. f5 Nf3 61. Rxc6 Nd2+ 
62. Kd5 Ke7 63. Rc7+ Kf6 64. Ng4+ Kxf5 65. Rxf7+ Kxg4 66. Rxg7+ 1/2-1/2

[Event "Saturday Apr 14 Engine Tour 9 Rd Swiss 12m+1s Starts at 1600hrs ST"]
[Site "Infinity Chess"]
[Date "2018.4.14"]
[Round "4"]
[White "localhero"]
[Black "Marsell"]
[Result "1/2-1/2"]
[ECO "C77"]
[WhiteElo "2435"]
[BlackElo "2460"]
[WhiteEngine "asmFishW_2017-10-04_popcnt"]
[BlackEngine "BrainFish_180408_x64_bmi2"]
[EventType "Swiss"]
[WhiteTeam ""]
[BlackTeam ""]
[PlyCount "111"]
[TimeControl "720+1"]

1. e4 e5 2. Nf3 Nc6 3. Bb5 a6 4. Ba4 Nf6 5. O-O Be7 6. Re1 b5 7. Bb3 O-O 
8. c3 d5 9. exd5 Nxd5 10. Nxe5 Nxe5 11. Rxe5 c6 12. d4 Bd6 13. Re1 Qh4 
14. g3 Qh3 15. Be3 Bg4 16. Qd3 Rae8 17. Nd2 Re6 18. a4 Qh5 19. axb5 axb5 
20. Nf1 Bf5 21. Qd2 Bh3 22. Bd1 Qg6 23. Bf3 Qf5 24. Qd1 h5 25. Ra6 Bc7 
26. Bh1 Rf6 27. Qe2 h4 28. Bd2 Re6 29. Be4 Bxf1 30. Bxf5 Rxe2 31. Rd1 Rxd2 
32. Rxd2 Bc4 33. Rxc6 Ne7 34. Rxc7 Nxf5 35. Rc5 Nd6 36. f3 hxg3 37. hxg3 Ra8 
38. Rc6 Nf5 39. Kf2 Ne7 40. Rc5 Nd5 41. b3 Bxb3 42. Rxb5 Bc4 43. Rc5 Ra4 
44. g4 f6 45. Kg3 Nxc3 46. d5 Nxd5 47. Rcxd5 Bxd5 48. Rxd5 g5 49. Rf5 Kg7 
50. f4 gxf4+ 51. Kf2 Ra2+ 52. Ke1 f3 53. g5 f2+ 54. Kf1 Ra1+ 55. Kxf2 fxg5 
56. Rxg5+ 1/2-1/2

[Event "Saturday Apr 14 Engine Tour 9 Rd Swiss 12m+1s Starts at 1600hrs ST"]
[Site "Infinity Chess"]
[Date "2018.4.14"]
[Round "4"]
[White "hafaba"]
[Black "Murx"]
[Result "1/2-1/2"]
[ECO "B12"]
[WhiteElo "2471"]
[BlackElo "2467"]
[WhiteEngine "Eman 1.70-beta18x 64-bit POPCNT_CTG"]
[BlackEngine "asmFishW_2018-04-07_popcnt"]
[EventType "Swiss"]
[WhiteTeam ""]
[BlackTeam ""]
[PlyCount "117"]
[TimeControl "720+1"]

1. e4 c6 2. d4 d5 3. e5 Bf5 4. Nf3 e6 5. Be2 Nd7 6. O-O Ne7 7. c3 h6 8. Nbd2 Qc7 
9. Re1 a6 10. Nf1 c5 11. Ng3 Bg6 12. Bd3 Bxd3 13. Qxd3 Nc6 14. Bd2 Be7 
15. Nh5 g6 16. Ng3 Qb6 17. Rab1 a5 18. Ne2 Qa6 19. Qc2 Kf8 20. h4 cxd4 
21. cxd4 Kg7 22. Nf4 Rhc8 23. Qb3 Bb4 24. Qe3 Bxd2 25. Qxd2 Qc4 26. a3 Ne7 
27. g4 Qb3 28. Kg2 a4 29. Rbc1 Qb6 30. Qd3 Qa6 31. Qe3 Qb6 32. Qd3 Rc6 
33. Rc3 Rac8 34. Rb1 Qa6 35. Qd2 Qb6 36. Qd3 Qa6 37. Qd2 Qb6 38. Rxc6 Nxc6 
39. Qc2 Ra8 40. h5 Nxd4 41. Nxd4 Qxd4 42. Qxg6+ fxg6 43. Nxe6+ Kf7 44. Nxd4 Nxe5 
45. hxg6+ Kxg6 46. f3 h5 47. Re1 Nc4 48. Re6+ Kg5 49. gxh5 Kxh5 50. Kf2 Ra6 
51. Rxa6 bxa6 52. Ne2 Kg5 53. Nc3 d4 54. Nxa4 d3 55. Nc5 Nxb2 56. Ke3 Nc4+ 
57. Kxd3 Nxa3 58. Ke4 a5 59. f4+ 1/2-1/2

[Event "Saturday Apr 14 Engine Tour 9 Rd Swiss 12m+1s Starts at 1600hrs ST"]
[Site "Infinity Chess"]
[Date "2018.4.14"]
[Round "4"]
[White "Gilgamesch"]
[Black "Seliga"]
[Result "1/2-1/2"]
[ECO "C50"]
[WhiteElo "2470"]
[BlackElo "2469"]
[WhiteEngine "BrainFish_180408_x64_bmi2"]
[BlackEngine "SF9 ''A5x''_CTG"]
[EventType "Swiss"]
[WhiteTeam ""]
[BlackTeam ""]
[PlyCount "110"]
[TimeControl "720+1"]

1. e4 e5 2. Nf3 Nc6 3. Bc4 Bc5 4. O-O Nf6 5. d3 a5 6. c3 d6 7. Nbd2 O-O 
8. Re1 Ba7 9. Nf1 Be6 10. Bxe6 fxe6 11. Ng3 h6 12. Be3 Bxe3 13. Rxe3 a4 
14. d4 Nd7 15. Qe2 Qf6 16. Rd1 Rf7 17. b3 axb3 18. axb3 Raf8 19. h3 Nb6 
20. Nh5 Qg6 21. Ng3 Qf6 22. Qd3 Ra8 23. Ne2 Ra3 24. Qb1 Ra8 25. Qc1 Raf8 
26. Qd2 exd4 27. cxd4 d5 28. Rf1 Qg6 29. Ng3 Rf4 30. e5 Nc8 31. Qc3 R4f7 
32. Ne1 N8e7 33. Ne2 Qh7 34. Rd3 Nf5 35. f4 Ra8 36. Rf2 Ra2 37. Rd2 Rxd2 
38. Qxd2 Nfe7 39. Nc2 Na7 40. g3 c6 41. Nc3 Qg6 42. Kh2 Rf8 43. Ne1 Nb5 
44. Ng2 Nf5 45. g4 Nfxd4 46. Nh4 Qe8 47. Nxb5 Nxb5 48. Qd3 c5 49. Ng6 Rf7 
50. f5 Nd4 51. f6 Qd8 52. Qe3 Kh7 53. Qd3 Kg8 54. Qe3 Kh7 55. Qd3 Kg8 1/2-1/2